 Dungeon Crawl Stone Soup version 0.31.0-11-ge490571c62 (webtiles) character file.

Game seed: 399443058881153479

2928 PredatorCatcher the Magician (level 9, -18/66 HPs)
             Began as a Gnoll Alchemist on Feb 7, 2024.
             Was a High Priest of Ru.
             Demolished by a two-headed ogre
             ... wielding a +0 giant club
              (22 damage)
             ... on level 8 of the Dungeon.
             The game lasted 00:28:08 (7117 turns).

PredatorCatcher the Magician (Gnoll Alchemist)      Turns: 7117, Time: 00:28:08

Health: -18/66     AC:  4    Str: 14    XL:     9   Next: 79%
Magic:  17/28      EV: 14    Int: 17    God:    Ru [*****.]
Gold:   108        SH:  0    Dex: 13    Spells: 5/22 levels left

rFire   x . .        d - +2 short sword (elec)
rCold   x . .        (shield unavailable)
rNeg    . . .        t - +0 robe of Rithrub {MP+9 Str+5 Stlth+}
rPois   .            (no helmet)
rElec   .            y - +1 cloak
rCorr   .            (no gloves)
SInv    .            (no boots)
Will    .....        (no amulet)
Stlth   ++++         (ring unavailable)
HPRegen 0.31/turn    p - ring of wizardry
MPRegen 0.21/turn

%: wizardry (x1)
@: radiating poison, freezing walls
A: fangs 1, missing a hand, temperature sensitive, strong nose, distributed
training
a: Renounce Religion, Draw Out Power, Power Leap, Apocalypse


You were on level 8 of the Dungeon.
You worshipped Ru.
Ru was extremely pleased with you.
You visited 1 branch of the dungeon, and saw 8 of its levels.

You collected 551 gold pieces.
You spent 443 gold pieces at shops.

Inventory:

Hand Weapons
 d - a +2 short sword of electrocution (weapon)
Armour
 a - a +1 robe
 k - the +1 leather armour "Jutauc" {rElec Will+ Dex+3}
   (You found it on level 4 of the Dungeon)

   Dex+3:     It affects your dexterity (+3).
   rElec:     It insulates you from electricity.
   Will+:     It increases your willpower.
 t - the +0 robe of Rithrub (worn) {MP+9 Str+5 Stlth+}
   (You found it on level 3 of the Dungeon)

   Str+5:     It affects your strength (+5).
   MP+9:      It affects your magic capacity (+9).
   Stlth+:    It makes you more stealthy.
 y - a +1 cloak (worn)
Jewellery
 c - a +6 ring of strength
 l - a +6 ring of dexterity
 p - a ring of wizardry (right hand)
Talismans
 o - a serpent talisman
Wands
 h - a wand of iceblast (15)
 i - a wand of paralysis (23)
 n - a wand of polymorph (2)
 A - a wand of flame (5)
Scrolls
 e - a scroll of vulnerability
 f - 2 scrolls of teleportation
 q - 4 scrolls of immolation
 r - 2 scrolls of revelation
 B - 2 scrolls of enchant armour
Potions
 b - 3 potions of magic
 g - a potion of degeneration
 j - a potion of lignification
 m - a potion of attraction
 s - 3 potions of curing
 v - a potion of resistance
 w - 2 potions of mutation {unknown}
 x - a potion of ambrosia
 z - a potion of brilliance


   Skills:
 + Level 4.7 Fighting
 + Level 4.7 Short Blades
 + Level 4.7 Long Blades
 + Level 4.7 Axes
 + Level 4.7 Maces & Flails
 + Level 4.7 Polearms
 + Level 4.7 Staves
 + Level 4.7 Ranged Weapons
 + Level 4.7 Throwing
 + Level 4.7 Armour
 + Level 6.7 Dodging
 + Level 6.4 Stealth
   Level 0.0 Shields
 + Level 4.7 Unarmed Combat
 + Level 7.0 Spellcasting
 + Level 4.5 Conjurations
 + Level 3.9 Hexes
 + Level 3.9 Summonings
 + Level 3.9 Necromancy
 + Level 3.9 Translocations
 + Level 3.9 Fire Magic
 + Level 3.9 Ice Magic
 + Level 3.9 Air Magic
 + Level 3.9 Earth Magic
 + Level 6.8 Alchemy
 + Level 5.2 Invocations
 + Level 4.7 Evocations
 + Level 4.3 Shapeshifting


You had 5 spell levels left.
You knew the following spells:

 Your Spells              Type           Power      Damage    Failure   Level
a - Sting                 Conj/Alch      100%       1d9       1%          1
b - Mercury Vapours       Alch/Air       48%        N/A       1%          2
c - Mephitic Cloud        Conj/Alch/Air  23%        N/A       1%          3
d - Olgreb's Toxic Radia  Alch           29%        N/A       2%          4
e - Summon Blazeheart Go  Fire/Summ      19%        N/A       9%          4
f - Frozen Ramparts       Ice            38%        1d6       2%          3

Your spell library contained the following spells:

 Spells                   Type           Power      Damage    Failure   Level
 Volatile Blastmotes      Fire/Tloc      38%        2d13      2%          3
 Fulminant Prism          Conj/Alch      12%        3d8       4%          4
 Leda's Liquefaction      Alch/Erth      12%        N/A       5%          4
 Petrify                  Alch/Erth      24%        N/A       5%          4
 Sticky Flame             Fire/Alch      24%        2d6       5%          4
 Iskenderun's Mystic Bla  Conj/Tloc      20%        2d6       9%          4
 Metabolic Englaciation   Hex/Ice        9%         N/A       26%         5
 Summon Forest            Summ/Tloc      9%         N/A       26%         5
 Summon Mana Viper        Hex/Summ       19%        N/A       26%         5
 Summon Cactus Giant      Summ           9%         N/A       77%         6
 Orb of Destruction       Conj           10%        9d6       99%         7
 Spellforged Servitor     Conj/Summ      10%        N/A       99%         7


Dungeon Overview and Level Annotations

Branches:
Dungeon (8/15)             Temple (0/1) D:6
   Lair: D:8-11

Altars:
Fedhas
Gozag
Hepliaklqana
Ru
Sif Muna
Wu Jian
Zin

Shops:
D:1 *   D:6 ==:**

Annotations:
D:3 3 runed translucent doors, TheBioAlchemist's ghost, amateur OnWr


Innate Abilities, Weirdness & Mutations

You have very sharp teeth.
You are missing a hand.
You are sensitive to extremes of temperature. (rF-, rC-)
Your uncanny sense of smell can sniff out nearby items.
Your experience applies equally to all skills.


Message History

Press: ? - help, Shift-Dir - straight line, f - two-headed ogre
Aim: a two-headed ogre, wielding a +0 giant club and a +0 giant spiked club (lightly wounded, very poisoned)
The mass of ice explodes!
The iceblast engulfs the two-headed ogre!
The two-headed ogre is moderately wounded.
Blink to where?
Press: ? - help, Dir - move target, p - two-headed ogre
As you read the scroll of blinking, it crumbles to dust.
Casting: Olgreb's Toxic Radiance (dangerous; 2% risk of failure)
Confirm with . or Enter, or press ? or * to list all spells.
Aiming: Mercury Vapours (safe; 1% risk of failure)
Press: ? - help, Dir - move target, f - two-headed ogre
Aim: a two-headed ogre, wielding a +0 giant club and a +0 giant spiked club (moderately wounded, poisoned, chance to weaken: 23%) Fumes of mercury billow around the two-headed ogre!
The two-headed ogre looks even sicker.
Unknown command.
Casting: Mercury Vapours (safe; 1% risk of failure)
Confirm with . or Enter, or press ? or * to list all spells.
You begin to radiate toxic energy.
The two-headed ogre looks even sicker.
The two-headed ogre looks as sick as possible!
The two-headed ogre hits you with a +0 giant club!!
The two-headed ogre barely misses you.
Unknown command.
You barely miss the two-headed ogre.
The two-headed ogre is heavily wounded.
The two-headed ogre looks as sick as possible!
Casting: Olgreb's Toxic Radiance (dangerous; 2% risk of failure)
Confirm with . or Enter, or press ? or * to list all spells.
Okay, then.
Casting: Olgreb's Toxic Radiance (dangerous; 2% risk of failure)
Confirm with . or Enter, or press ? or * to list all spells.
Casting: Frozen Ramparts (dangerous; 2% risk of failure)
Press: ? - help, Dir - look around, f - activate The walls around you are covered in ice.
The two-headed ogre looks as sick as possible!
The wall freezes the two-headed ogre.
The two-headed ogre hits you with a +0 giant club!!
* * * LOW HITPOINT WARNING * * *
The two-headed ogre hits you with a +0 giant spiked club!!
You die...

###.....# ##..
# ###..## ...
##.#.####.#
##.#.#...######
#.###....#....#
#..###..z...#
#...z.###...#
..........#
##.O##
......##..#
#..@#
..##..##..#
##### .
##.###.# #..
... .. .... ..
##..#


You could see a two-headed ogre (extremely poisoned) and a wight.

Vanquished Creatures
  Sigmund (D:5)
  A wyvern (D:8)
  A steam dragon (D:8)
  Edmund (D:5)
  2 water moccasins
  2 black bears (D:5)
  2 ice beasts (D:7)
  A swamp drake (D:6)
  An orc warrior (D:8)
  3 ogres
  A scorpion (D:7)
  3 wights (D:7)
  4 killer bees (D:8)
  6 howler monkeys (D:7)
  6 orc priests
  3 hounds
  A jelly (D:6)
  A gnoll bouda (D:6)
  2 sleepcaps
  An iguana (D:6)
  Ijyb (D:5)
  An orc wizard (D:7)
  10 gnolls
  6 adders
  A white imp (D:7)
  2 ufetubi (D:5)
  2 dart slugs
  2 ribbon worms (D:3)
  15 orcs
  5 endoplasms
  2 giant cockroaches
  7 goblins
  12 hobgoblins
  A jackal (D:3)
  6 kobolds
  6 quokkas
  3 ball pythons
  2 bats
  4 frilled lizards
  7 rats
138 creatures vanquished.

Vanquished Creatures (others)
  A wight (D:7)
  A shadow imp (D:8)
2 creatures vanquished.

Grand Total: 140 creatures vanquished

Notes
Turn   | Place    | Note
-------+----------+-------------------------------------------
     0 | D:1      | PredatorCatcher the Gnoll Alchemist began the quest for the
                  | Orb.
     0 | D:1      | Reached XP level 1. HP: 13/13 MP: 6/6
   104 | D:1      | Reached XP level 2. HP: 19/19 MP: 5/7
   107 | D:1      | Learned a level 2 spell: Mercury Vapours
   886 | D:2      | Reached skill level 5 in Spellcasting
   886 | D:2      | Reached XP level 3. HP: 25/25 MP: 2/9
   969 | D:2      | Learned a level 3 spell: Mephitic Cloud
  1069 | D:2      | Reached skill level 1 in Invocations
  1151 | D:2      | Reached skill level 1 in Fighting
  1151 | D:2      | Reached skill level 1 in Short Blades
  1151 | D:2      | Reached skill level 1 in Long Blades
  1151 | D:2      | Reached skill level 1 in Axes
  1151 | D:2      | Reached skill level 1 in Maces & Flails
  1151 | D:2      | Reached skill level 1 in Polearms
  1151 | D:2      | Reached skill level 1 in Staves
  1151 | D:2      | Reached skill level 1 in Ranged Weapons
  1151 | D:2      | Reached skill level 1 in Throwing
  1151 | D:2      | Reached skill level 1 in Armour
  1151 | D:2      | Reached skill level 1 in Shields
  1151 | D:2      | Reached skill level 1 in Unarmed Combat
  1151 | D:2      | Reached skill level 1 in Evocations
  1166 | D:2      | Reached skill level 1 in Shapeshifting
  1166 | D:2      | Reached XP level 4. HP: 19/32 MP: 7/11
  1214 | D:2      | Learned a level 4 spell: Olgreb's Toxic Radiance
  1301 | D:3      | Reached skill level 1 in Hexes
  1301 | D:3      | Reached skill level 1 in Summonings
  1301 | D:3      | Reached skill level 1 in Necromancy
  1301 | D:3      | Reached skill level 1 in Translocations
  1301 | D:3      | Reached skill level 1 in Fire Magic
  1301 | D:3      | Reached skill level 1 in Ice Magic
  1301 | D:3      | Reached skill level 1 in Air Magic
  1301 | D:3      | Reached skill level 1 in Earth Magic
  1316 | D:3      | You fall into a shaft and drop 2 floors!
  1316 | D:5      | Entered Level 5 of the Dungeon
  1509 | D:5      | Found an ornate altar of the Wu Jian Council.
  1765 | D:5      | Noticed Sigmund
  1771 | D:5      | Noticed a black bear
  1777 | D:5      | Killed Sigmund
  1778 | D:5      | Reached XP level 5. HP: 38/38 MP: 3/12
  1778 | D:5      | Reached XP level 6. HP: 44/44 MP: 3/14
  1781 | D:5      | Killed a black bear
  1782 | D:5      | Reached skill level 5 in Dodging
  1792 | D:5      | Learned a level 4 spell: Summon Blazeheart Golem
  1871 | D:5      | Noticed Ijyb
  1884 | D:5      | Killed Ijyb
  2022 | D:5      | Found a glowing silver altar of Zin.
  2073 | D:5      | Noticed Edmund
  2086 | D:5      | Killed Edmund
  2086 | D:5      | Noticed a black bear
  2087 | D:5      | Reached XP level 7. HP: 51/51 MP: 1/15
  2100 | D:5      | Reached skill level 5 in Stealth
  2445 | D:4      | Identified the +1 leather armour "Jutauc" {rElec Will+
                  | Dex+3}
  3207 | D:3      | Found a runed translucent gate.
  3208 | D:3      | Found a runed translucent gate.
  3209 | D:3      | Found a runed translucent gate.
  3211 | D:3      | Noticed TheBioAlchemist's ghost (amateur OnWr)
  3578 | D:3      | Identified the +0 robe of Rithrub {MP+9 Str+5 Stlth+}
  3648 | D:3      | Found a faded altar of an unknown god.
  3689 | D:3      | Prayed at the altar of an unknown god.
  3689 | D:3      | Became a worshipper of Ru the Awakened
  3690 | D:3      | Gained mutation: You are missing a hand. [Ru sacrifice]
  3690 | D:3      | Reached * piety under Ru
  3690 | D:3      | Reached ** piety under Ru
  3690 | D:3      | Reached *** piety under Ru
  3863 | D:1      | Learned a level 3 spell: Frozen Ramparts
  4004 | D:1      | Found Sacho's General Store.
  4017 | D:1      | Bought a scroll of blinking for 75 gold pieces
  4017 | D:1      | Bought a potion of heal wounds for 50 gold pieces
  4017 | D:1      | Bought a scroll of butterflies for 40 gold pieces
  4395 | D:6      | Found Eteagak's Book Emporium.
  4449 | D:6      | Found Ysyps's General Store.
  4476 | D:6      | Bought a scroll of revelation for 97 gold pieces
  4476 | D:6      | Bought a scroll of identify for 26 gold pieces
  4476 | D:6      | Bought a potion of curing for 39 gold pieces
  4528 | D:6      | Reached XP level 8. HP: 53/58 MP: 16/16
  4587 | D:6      | Found Weskor's Assorted Antiques.
  4598 | D:6      | Reached skill level 6 in Spellcasting
  4600 | D:6      | Bought a copper wand for 116 gold pieces
  4755 | D:6      | Found an opulent altar of Gozag.
  4793 | D:6      | Found Atiss's Jewellery Shop.
  4914 | D:6      | Found Ymee's Jewellery Emporium.
  4926 | D:6      | Found a staircase to the Ecumenical Temple.
  5765 | D:7      | Reached XP level 9. HP: 49/65 MP: 18/18
  6612 | D:7      | Gained mutation: You are sensitive to extremes of
                  | temperature. (rF-, rC-) [Ru sacrifice]
  6612 | D:7      | Reached **** piety under Ru
  6612 | D:7      | Reached ***** piety under Ru
  6755 | D:8      | Found a shimmering blue altar of Sif Muna.
  6755 | D:8      | Found a hazy altar of Hepliaklqana.
  6756 | D:8      | Found a blossoming altar of Fedhas.
  6775 | D:8      | Reached skill level 5 in Invocations
  7050 | D:8      | Reached skill level 7 in Spellcasting
  7098 | D:8      | Noticed a two-headed ogre
  7117 | D:8      | Demolished by a two-headed ogre

Illustrated notes

Levels and vault maps discovered:
D:1:      lightli_arrival_chessboard, layout_rooms, serial_shops,
          nicolae_lakefront_shop, st_stairs_2, hex_large, serial_bayou_crossing
D:2:      cheibrodos_greedy_goblins, layout_rooms, serial_rivers,
          chequers_serial_rivers_micro_a, chequers_serial_rivers_small_3,
          chequers_serial_rivers_micro_b, chequers_serial_rivers_room_b,
          minmay_goblin_kobold_house
D:3:      minmay_diamond_boxcup, layout_basic,
          hellmonk_ecumenical_altar_lost_god, ebering_ghost_rock_garden
D:4:      minmay_door_path, layout_gridville
D:5:      dreamdust_elfheim, layout_gridville,
          mainiacjoe_overflow_surrounded_room, zin_statuary, uniq_edmund,
          uniq_ijyb, uniq_sigmund
D:6:      layout_basic, nicolae_overflow_crystal_walls,
          minmay_temple_entry_tees, serial_shops, nicolae_shop_gaudy_bauble,
          nicolae_shop_advertising_works [nicolae_subvault_shop_adworks],
          shop_coins, shop, nicolae_shop_peninsula
D:7:      layout_loops_ring
D:8:      layout_layer_cave, nicolae_overflow_quartered_altars, uniq_maurice

Skill      XL: |  1  2  3  4  5  6  7  8  9 |
---------------+----------------------------+-----
Conjurations   | 2 3 4 |  4.5
Spellcasting   | 5 6 7 |  7.0
Invocations    | 1 2 3 4 5 |  5.2
Fighting       | 1 2 3 4 |  4.7
Short Blades   | 1 2 3 4 |  4.7
Long Blades    | 1 2 3 4 |  4.7
Axes           | 1 2 3 4 |  4.7
Maces & Flails | 1 2 3 4 |  4.7
Polearms       | 1 2 3 4 |  4.7
Staves         | 1 2 3 4 |  4.7
Ranged Weapons | 1 2 3 4 |  4.7
Throwing       | 1 2 3 4 |  4.7
Armour         | 1 2 3 4 |  4.7
Shields        | 1 2 0 |  0.0
Unarmed Combat | 1 2 3 4 |  4.7
Evocations     | 1 2 3 4 |  4.7
Shapeshifting  | 1 2 3 4 |  4.3
Hexes          | 1 2 3 |  3.9
Summonings     | 1 2 3 |  3.9
Necromancy     | 1 2 3 |  3.9
Translocations | 1 2 3 |  3.9
Fire Magic     | 1 2 3 |  3.9
Ice Magic      | 1 2 3 |  3.9
Air Magic      | 1 2 3 |  3.9
Earth Magic    | 1 2 3 |  3.9
Dodging        | 5 6 |  6.7
Stealth        | 5 6 |  6.4
Alchemy        | 6 |  6.8

Action                     |  1- 3 |  4- 6 |  7- 9 || total
---------------------------+-------+-------+-------++-------
  Melee: Short sword       |    33 |    46 |   153 ||   232
         Bite              |     2 |     2 |    13 ||    17
         Punch             |       |       |     1 ||     1
   Cast: Sting             |    18 |     6 |     4 ||    28
         Mercury Vapours   |    18 |     4 |    18 ||    40
         Olgreb's Toxic Ra |       |     3 |    22 ||    25
         Mephitic Cloud    |       |     3 |     3 ||     6
         Frozen Ramparts   |       |       |     9 ||     9
         Summon Blazeheart |       |       |     4 ||     4
 Invoke: Sacrifice a Hand  |       |       |     1 ||     1
         Power Leap        |       |       |     1 ||     1
         Sacrifice Resista |       |       |     1 ||     1
  Evoke: Wand              |       |     3 |     5 ||     8
    Use: Scroll            |     8 |     2 |    14 ||    24
         Potion            |     2 |       |     3 ||     5
   Stab: Sleeping          |     3 |       |     9 ||    12
         Paralysed         |       |     2 |     2 ||     4
         Confused          |       |     1 |     1 ||     2
 Armour: Robe              |    27 |    20 |    67 ||   114
         Leather armour    |       |       |     9 ||     9
  Dodge: Dodged            |    45 |    36 |   103 ||   184
